Map: Catalyseur EC

Players

HoldTheDoor

  • Race: Protoss Protoss
  • League: Diamond
  • Spawn Location: 11:00

Darun - Winner!

  • Race: Zerg Zerg
  • League: Diamond
  • Spawn Location: 5:00

VOD

Have the link to the VOD?

Description

Time

  • Played on: July 14, 2018, 2:04 p.m.
  • Length: 2:43
Show
View Real Time Build Order
Export as new Build Order

HoldTheDoor Protoss 

Build Orders:  

Get SALT Encoding   

  12  0:00  Probe  
  13  0:12  Probe  
  14  0:25  Probe  
  15  0:38  Pylon  
  15  0:56  Probe  
  16  0:57  Gateway x2  
  16  1:01  Gateway  
  16  1:14  Gateway  
  16  1:22  Pylon  
  16  1:36  Zealot  
  16  1:37  Zealot  
  20  1:49  Zealot  
  22  2:01  Zealot  
  22  2:02  Zealot x2  
  28  2:16  Zealot  
Show
View Real Time Build Order
Export as new Build Order

Darun Zerg - Winner!

Build Orders: Hatch First 

Get SALT Encoding   

  12  0:03  Drone  
  13  0:10  Drone  
  14  0:35  Hatchery  
  13  0:38  Drone  
  14  0:55  Spawning Pool  
  13  0:57  Drone  
  14  1:09  Extractor  
  14  1:10  Extractor  
  14  1:11  Drone x2  
  13  1:16  Overlord  
  16  1:45  Spine Crawler x2  
  16  1:46  Spine Crawler  
  13  1:49  Spine Crawler  
  13  1:50  Zergling x2  
  13  1:55  Zergling x2  
  13  2:00  Zergling x2  
  15  2:04  Zergling x2  
  16  2:09  Zergling x2  
  17  2:22  Zergling x6  
Tags
 
Add a new tag
Caveats
  • Supply blocks, unpowered buildings, or Contaminate may cause inaccurate times.
  • Supply counts are checked every 10 seconds.